Map: Kairos Junction LE

Players

llllllllllll - Winner!

  • Race: Protoss Protoss
  • League: Master
  • Spawn Location: 5:00

Mez

  • Race: Terran Terran
  • League: Master
  • Spawn Location: 11:00

VOD

Have the link to the VOD?

Description

Time

  • Played on: Aug. 1, 2019, 1:02 a.m.
  • Length: 6:08
Show
View Real Time Build Order
Export as new Build Order

llllllllllll Protoss - Winner!

Build Orders:  

Get SALT Encoding   

  12  0:00  Probe  
  13  0:12  Probe  
  14  0:17  Pylon  
  14  0:23  Probe  
  15  0:31  Probe  
  16  0:37  Gateway  
  16  0:39  Probe  
  16  0:45  Assimilator  
  17  0:51  Probe  
  17  0:54  Assimilator  
  18  0:59  Probe  
  19  1:07  Probe  
  19  1:18  Probe  
  20  1:21  Pylon  
  20  1:24  Cybernetics Core  
  21  1:30  Probe  
  22  1:40  Assimilator  
  22  1:43  Probe  
  23  2:01  Robotics Facility  
  23  2:04  Robotics Facility  
  23  2:07  Stalker  
  23  2:13  Shield Battery, Pylon  
  23  2:31  Shield Battery  
  23  2:37  Stalker  
  25  2:50  Immortal  
  29  2:59  Warp Prism  
  31  3:15  Pylon  
  31  3:34  Immortal  
  35  3:45  Shield Battery  
  35  4:15  Immortal  
  39  4:32  Immortal  
  39  4:36  Shield Battery  
  43  4:50  Shield Battery  
  43  5:02  Immortal  
  45  5:31  Pylon  
  45  5:32  Pylon  
  49  5:52  Shield Battery x2  
Show
View Real Time Build Order
Export as new Build Order

Mez Terran 

Build Orders: Reaper Expand 

Get SALT Encoding   

  12  0:00  SCV  
  13  0:13  SCV  
  14  0:17  Supply Depot  
  14  0:25  SCV  
  15  0:38  SCV  
  15  0:40  Barracks  
  16  0:45  Refinery  
  16  0:50  SCV  
  17  1:03  SCV  
  18  1:17  SCV  
  19  1:28  Reaper  
  19  1:29  Orbital Command  
  20  1:45  Command Center  
  20  1:55  SCV  
  20  2:00  Barracks  
  21  2:02  Barracks Reactor  
  21  2:22  Barracks  
  21  2:24  Supply Depot  
  21  2:34  SCV  
  22  2:38  Marine  
  23  2:45  Bunker, Marine  
  23  2:46  SCV  
  23  2:50  Marine  
  26  2:53  Factory  
  26  3:03  SCV  
  26  3:04  Marine, Orbital Command  
  28  3:11  Marine x2  
  29  3:14  Marine  
  30  3:21  SCV  
  30  3:25  Marine  
  32  3:29  Marine  
  33  3:42  Marine x2  
  33  3:43  Marine  
  33  3:47  Marine  
  36  3:53  Factory Tech Lab  
  35  3:56  Starport  
  35  4:01  Supply Depot  
  35  4:06  Marine x2  
  31  4:33  Siege Tank  
  31  4:35  Marine x2  
  36  4:38  SCV x2  
  34  4:50  SCV  
  34  4:51  SCV  
  33  4:53  Marine  
  32  5:02  SCV  
  25  5:14  SCV  
  25  5:15  SCV  
  22  5:27  SCV x2  
  21  5:52  SCV  
Tags
 
Add a new tag
Caveats
  • Supply blocks, unpowered buildings, or Contaminate may cause inaccurate times.
  • Supply counts are checked every 10 seconds.